 Dungeon Crawl Stone Soup version 0.26-a0-490-gf8362a0c98 (webtiles) character file.

Game seed: 16261449023173576888

356 KristoblXynda the Slasher (level 6, -4/44 HPs)
             Began as a Demonspawn Gladiator on Aug 4, 2020.
             Slain by Natasha (5 damage)
             ... on level 4 of the Dungeon.
             The game lasted 00:06:45 (3920 turns).

KristoblXynda the Slasher (Demonspawn Gladiator)    Turns: 3920, Time: 00:06:46

Health: -4/44      AC:  7    Str: 16    XL:     6   Next: 36%
Magic:  6/6        EV: 10    Int: 10    God:
Gold:   164        SH:  0    Dex: 14    Spells: 5/5 levels left

rFire    . . .     SeeInvis .   a - +0 long sword
rCold    . . .     Faith    .   (no shield)
rNeg     . . .     Spirit   .   i - +0 ring mail
rPois    .         Reflect  .   c - +0 helmet
rElec    .         Harm     .   (no cloak)
rCorr    .                      k - +0 pair of gloves
MR       .....                  (no boots)
Stlth    +.........             (no amulet)
HPRegen  0.14/turn              e - ring of wizardry
MPRegen  0.10/turn              q - +4 ring of slaying

@: very heavily drained
A: rot immunity
a: no special abilities


You were on level 4 of the Dungeon.
You visited 1 branch of the dungeon, and saw 4 of its levels.

You collected 164 gold pieces.

Inventory:

Hand Weapons
 a - a +0 long sword (weapon)
 b - a +1 dagger of venom
Missiles
 d - 2 throwing nets (quivered)
Armour
 c - a +0 helmet (worn)
 i - a +0 ring mail (worn)
 k - a +0 pair of gloves (worn)
Jewellery
 e - a ring of wizardry (left hand)
 q - a +4 ring of slaying (right hand)
Scrolls
 g - 2 scrolls of magic mapping {unknown}
 h - 3 scrolls of teleportation
 m - a scroll of enchant armour {unknown}
 n - a scroll of blinking {unknown}
 o - 2 scrolls of remove curse
Potions
 f - 3 potions of cancellation
 j - a potion of brilliance {unknown}
 l - 2 potions of stabbing {unknown}
 p - 2 potions of heal wounds


   Skills:
 - Level 2.0(0.0) Fighting
 * Level 4.9(1.2) Long Blades
 - Level 2.0(0.0) Throwing
 + Level 2.6(0.0) Armour
 + Level 4.0(0.4) Dodging


You had 5 spell levels left.
You didn't know any spells.
Your spell library contained the following spells:

 Spells                   Type           Power        Failure   Level
 Beastly Appendage        Tmut           #.....       28%         1
 Wereblood                Tmut           #.......     38%         2
 Spider Form              Tmut/Pois      #.........   61%         3
 Ice Form                 Ice/Tmut       #.......     94%         4
 Blade Hands              Tmut           #.........   100%        5


Dungeon Overview and Level Annotations

Branches:
Dungeon (4/15)
 Temple: D:4-7

Altars:

Annotations:
D:4 Natasha


Innate Abilities, Weirdness & Mutations

You are immune to rotting.


Message History

The crimson imp blinks!
The crimson imp barely misses you.
You riposte.
You closely miss the crimson imp. Natasha claws you but does no damage.
You hit Natasha.
Natasha is severely wounded.
The crimson imp disappears in a puff of smoke!
The crimson imp hits you but does no damage.
Natasha drinks a potion.
Natasha is healed!
The crimson imp barely misses you.
You slash Natasha!
Natasha is severely wounded.
Natasha stares at you and mumbles some strange words.
The magic dart hits you.
* * * LOW HITPOINT WARNING * * *
The crimson imp hits you.
* * * LOW HITPOINT WARNING * * *
Natasha claws you!
* * * LOW HITPOINT WARNING * * *
You closely miss Natasha.
Natasha is severely wounded.
The crimson imp barely misses you. Natasha claws you.
You die...

.. .# . ..#..##.# . ..
..#.....## #...
.........#####>.. ....
.........#...#(..
..<...
.................
......
.................
......
...........).....
##.....
.......@5.......
#.......
.......h....#..
.......# .......#....#
.......#........#...##
........##....###..##
........##...# ##..#
........#.....##...###
.........>...##.##...##
...##...#... #........#


You could see Natasha and a crimson imp (summoned).

Vanquished Creatures
  Sigmund (D:2)
  2 orc priests
  A bullfrog skeleton (D:4)
  Robin (D:3)
  2 adders (D:3)
  An ooze (D:4)
  A worm (D:2)
  3 dart slugs
  3 leopard geckos
  3 orcs (D:4)
  A ball python (D:2)
  8 bats
  5 giant cockroaches
  5 hobgoblins
  2 quokkas (D:4)
  4 frilled lizards
  17 goblins
  9 kobolds
  6 rats
75 creatures vanquished.

Notes
Turn   | Place    | Note
-------+----------+-------------------------------------------
     0 | D:1      | KristoblXynda the Demonspawn Gladiator began the quest for
                  | the Orb.
     0 | D:1      | Reached XP level 1. HP: 16/16 MP: 1/1
   258 | D:1      | Gained mutation: You are immune to rotting. [demonic
                  | ancestry]
   258 | D:1      | Reached XP level 2. HP: 22/22 MP: 2/2
   851 | D:2      | Reached skill level 1 in Armour
   853 | D:2      | Reached XP level 3. HP: 23/27 MP: 3/3
  1326 | D:2      | Noticed Sigmund
  1468 | D:2      | Killed Sigmund
  1468 | D:2      | Reached XP level 4. HP: 30/33 MP: 4/4
  1468 | D:2      | Reached XP level 5. HP: 34/38 MP: 5/5
  2128 | D:3      | Noticed an orc warrior
  2732 | D:3      | Noticed Robin
  2776 | D:3      | Reached XP level 6. HP: 21/44 MP: 6/6
  2799 | D:3      | Killed Robin
  3900 | D:4      | Noticed Natasha
  3919 | D:4      | HP: 1/44 [Natasha (7)]
  3920 | D:4      | Slain by Natasha

Illustrated notes

Levels and vault maps discovered:
D:1:      minmay_arrival_shattered_statue, layout_loops_ring, glass_columns_a
D:2:      layout_basic, uniq_sigmund
D:3:      layout_basic, serial_curves, eino_curves_02, eino_curves_03,
          uniq_robin
D:4:      layout_cave_pools, serial_park, uniq_natasha

Skill      XL: |  1  2  3  4  5  6 |
---------------+-------------------+-----
Throwing       | 2 |  2.0
Long Blades    | 3 4 |  4.9
Dodging        | 3 4 |  4.0
Armour         | 1 2 |  2.6
Fighting       | |  2.0

Action                   |  1- 3 |  4- 6 || total
-------------------------+-------+-------++-------
Melee: Long sword        |    36 |   124 ||   160
       Short sword       |    38 |    22 ||    60
       Dagger            |       |    22 ||    22
Throw: Throwing net      |       |     1 ||     1
  Use: Scroll            |     3 |     2 ||     5
       Potion            |     2 |       ||     2
 Stab: Held in net/web   |       |     1 ||     1
Armor: Leather armour    |    27 |     4 ||    31
       Ring mail         |       |    79 ||    79
Dodge: Dodged            |    61 |   114 ||   175
       Rpst.: Long sword |     9 |    22 ||    31

Table legend: (Time is in decaauts)
 A = Elapsed time spent in this place.
 B = Non-inter-level travel time spent in this place.
 C = Inter-level travel time spent in this place.
 D = Time resting spent in this place.
 E = Time spent auto-exploring this place.
 F = Levels seen in this place.
 G = Mean time per level.
                   A        B        C        D        E       F      G
               +--------+--------+--------+--------+--------+-----+--------+
         Total |   3960 |   3818 |    142 |   1199 |   1715 |   4 |  990.0 |
       Dungeon |   3960 |   3818 |    142 |   1199 |   1715 |   4 |  990.0 |
               +--------+--------+--------+--------+--------+-----+--------+

Top non-repeatable levels by time:
     D:3: 1604 daAuts
     D:1: 887 daAuts
     D:2: 808 daAuts
     D:4: 660 daAuts
